 Dungeon Crawl Stone Soup version 0.29.0-7-g18a832c13a (webtiles) character file.

Game seed: 14130622400419444558

405 tizbic2 the Caller (level 6, -2/48 HPs)
             Began as a Demigod Summoner on Aug 30, 2022.
             Succumbed to a killer bee's poison
             ... on level 4 of the Dungeon.
             The game lasted 00:17:03 (4757 turns).

tizbic2 the Caller (Demigod Summoner)               Turns: 4757, Time: 00:17:03

Health: -2/48      AC:  6    Str: 13    XL:     6   Next: 30%
Magic:  8/12       EV: 11    Int: 17    God:
Gold:   243        SH:  0    Dex: 18    Spells: 4/10 levels left

rFire   . . .      SeeInvis .   a - +1 spear (venom)
rCold   . . .      Faith    .   (no shield)
rNeg    . . .      Spirit   .   f - +0 ring mail
rPois   .          Reflect  .   (no helmet)
rElec   .          Harm     .   h - +0 cloak
rCorr   .          Rampage  .   (no gloves)
Will    .....                   (no boots)
Stlth   +.........              (no amulet)
HPRegen 0.16/turn               (no ring)
MPRegen 0.13/turn               (no ring)

@: lethally poisoned (-2 -> -20)
A: high MP 1, forlorn, divine attributes
a: no special abilities


You were on level 4 of the Dungeon.
You visited 1 branch of the dungeon, and saw 5 of its levels.

You collected 243 gold pieces.

Inventory:

Hand Weapons
 a - a +1 spear of venom (weapon)
 d - a +0 shortbow
 e - a +0 hand axe of holy wrath
 w - the +2 long sword of the Common Good {vorpal, *Corrode rC+ rN+++ Int+3}
   (You took it off a gnoll on level 2 of the Dungeon)

   It inflicts extra damage upon your enemies.
   Int:       It affects your intelligence (+3).
   rC:        It protects you from cold.
   rN:        It renders you almost immune to negative energy.
   *Corrode:  It may corrode you when you take damage.
Armour
 f - a +0 ring mail (worn)
 h - a +0 cloak (worn)
 A - a +0 chain mail
Magical Staves
 m - a staff of death
Scrolls
 i - a scroll of acquirement {unknown}
 k - a scroll of enchant armour {unknown}
 n - 2 scrolls of teleportation
 p - a scroll of immolation
 q - a scroll of noise
 r - a scroll of blinking
 t - a scroll of summoning
 y - a scroll of poison
 B - a scroll of torment {unknown}
 C - a scroll of enchant weapon {unknown}
 D - a scroll of fear {unknown}
 E - a scroll of vulnerability {unknown}
Potions
 b - a potion of magic
 c - 2 potions of curing
 g - 4 potions of invisibility {unknown}
 j - a potion of berserk rage {unknown}
 l - a potion of lignification {unknown}
 o - a potion of might {unknown}
 s - a potion of cancellation {unknown}
 u - a potion of flight {unknown}
 v - a potion of mutation {unknown}
 x - 2 potions of heal wounds {unknown}
 z - 3 potions of attraction {unknown}


   Skills:
 + Level 1.9 Fighting
 * Level 1.2 Long Blades
 + Level 2.4 Armour
 - Level 1.7 Dodging
 - Level 1.7 Stealth
 + Level 2.5 Spellcasting
 * Level 4.7 Summonings
 * Level 2.8 Air Magic


You had 4 spell levels left.
You knew the following spells:

 Your Spells              Type           Power      Damage    Failure   Level
a - Summon Small Mammal   Summ           72%        N/A       5%          1
b - Call Imp              Summ           18%        N/A       9%          2
c - Call Canine Familiar  Summ           18%        N/A       16%         3

Your spell library contained the following spells:

 Spells                   Type           Power      Damage    Failure   Level
 Poisonous Vapours        Pois/Air       12%        N/A       32%         2
 Swiftness                Air            11%        N/A       34%         3
 Summon Guardian Golem    Hex/Summ       10%        N/A       38%         3
 Ensorcelled Hibernation  Hex/Ice        4%         N/A       50%         2
 Passwall                 Tmut/Erth      1%         N/A       50%         2
 Summon Lightning Spire   Summ/Air       14%        N/A       63%         4
 Corpse Rot               Necr/Pois/Air  5%         N/A       94%         4


Dungeon Overview and Level Annotations

Branches:
Dungeon (5/15)
 Temple: D:4-7


Innate Abilities, Weirdness & Mutations

You have an increased reservoir of magic. (+10% MP)
You shall have no god before yourself.
Your divine heritage dramatically boosts your attributes as you level up.


Message History

Your hound bites the killer bee but does no damage.
The killer bee completely misses your hound.
The killer bee closely misses you.
The killer bee barely misses your hound.
You climb upwards.
You feel sick.
There is a stone staircase leading down here.
You barely miss the killer bee.
You feel sick. The killer bee stings you. x2
The killer bee stings you but does no damage.
Your +1 spear of venom begins to drip with poison!
a - a +1 spear of venom (weapon)
The killer bee stings you.
You are more poisoned.
The killer bee poisons you!
You miss the killer bee.
You feel very sick. The killer bee stings you.
The killer bee barely misses you.
Casting: Call Canine Familiar (dangerous; 16% risk of failure)
Confirm with . or Enter, or press ? or * to list all spells.
You feel sick. The killer bee barely misses you.
The killer bee closely misses you.
You miss the killer bee.
You feel sick. The killer bee stings you.
You are more poisoned.
The killer bee poisons you!
Your hound bites the killer bee.
The killer bee closely misses you.
You miss the killer bee.
The killer bee is lightly wounded.
* * * LOW HITPOINT WARNING * * *
You feel very sick. The killer bee stings you.
* * * LOW HITPOINT WARNING * * *
Your hound barely misses the killer bee.
The killer bee stings you.
* * * LOW HITPOINT WARNING * * *
Your hound closely misses the killer bee.
The killer bee attacks as you move away!
The killer bee stings you.
* * * LOW HITPOINT WARNING * * *
You are more poisoned.
The killer bee poisons you!
You die...

###.#.# #####...#....#.####.#
##..#.# ###....###.# #..#
##.##.## ##.....#.###.## .#.##.>#
########..#.......######
.#.###.###........###.####......#
.#.# #.##..######.# #.# #.####..
...###.##.## #.# #.# #.# #..
#.........#######h###.####.####.#
##(.....##......@>y............(.
#.........######.##..##...<....#
#......#### #.##<#....#######
##.....># #.##...#.## ###
......### #.#..###.# ###.#
.#.##...# #.#..# #.# #...#
.#.####.# ##...## #.####.### #..#
..# ##..#.# #.##...# #.## #.#
#.....# #....###


You could see a killer bee (ally target) and a friendly hound (summoned).

Vanquished Creatures
  A centaur (D:4)
  An iguana (D:3)
  A gnoll (D:2)
  An adder (D:3)
  An orc (D:5)
  3 ball pythons
  2 bats (D:1)
  An endoplasm (D:4)
  3 giant cockroaches (D:4)
  A goblin (D:3)
  A hobgoblin (D:3)
  2 jackals (D:3)
  2 quokkas
  2 frilled lizards
  2 rats
24 creatures vanquished.

Vanquished Creatures (collateral kills)
  A necrophage (D:4)
  A nameless horror (D:2)
  A hound (D:2)
  Jessica (D:2)
  Natasha (thrice) (D:2)
  3 gnolls (D:2)
  2 adders
  2 endoplasms (D:1)
  A giant cockroach (D:3)
  A goblin (D:3)
  3 hobgoblins (D:2)
  2 jackals (D:3)
  A bat (D:2)
  A frilled lizard (D:3)
  2 kobolds
25 creatures vanquished.

Vanquished Creatures (others)
  7 plants (D:2)
7 creatures vanquished.

Grand Total: 56 creatures vanquished

Notes
Turn   | Place    | Note
-------+----------+-------------------------------------------
     0 | D:1      | tizbic2 the Demigod Summoner began the quest for the Orb.
     0 | D:1      | Reached XP level 1. HP: 14/14 MP: 5/5
   780 | D:1      | Reached XP level 2. HP: 6/22 MP: 2/7
  1002 | D:1      | Learned a level 2 spell: Call Imp
  1139 | D:2      | Noticed Natasha
  1167 | D:2      | Killed Natasha
  1168 | D:2      | Reached skill level 1 in Armour
  1168 | D:2      | Reached skill level 1 in Air Magic
  1168 | D:2      | Reached XP level 3. HP: 6/27 MP: 5/8
  1425 | D:2      | Noticed Natasha
  1432 | D:2      | Killed Natasha
  1433 | D:2      | Reached skill level 4 in Summonings
  1451 | D:2      | Reached skill level 1 in Fighting
  1592 | D:2      | Noticed Jessica
  1601 | D:2      | Killed Jessica
  1602 | D:2      | Reached XP level 4. HP: 19/35 MP: 8/10
  1977 | D:2      | Learned a level 3 spell: Call Canine Familiar
  1989 | D:2      | You fall into a shaft and drop 2 floors!
  2242 | D:2      | Noticed Natasha
  2260 | D:2      | Killed Natasha
  2261 | D:2      | Reached XP level 5. HP: 9/40 MP: 9/11
  2586 | D:2      | Identified the +2 long sword of the Common Good {vorpal,
                  | *Corrode rC+ rN+++ Int+3}
  2588 | D:2      | Noticed a nameless horror
  2601 | D:2      | Killed a nameless horror
  4013 | D:4      | Noticed a centaur
  4021 | D:4      | Killed a centaur
  4022 | D:4      | Reached skill level 1 in Long Blades
  4022 | D:4      | Reached XP level 6. HP: 24/48 MP: 8/12
  4604 | D:5      | Entered Level 5 of the Dungeon
  4757 | D:4      | HP: 2/48 [killer bee (6)]
  4757 | D:4      | Succumbed to a killer bee's poison

Illustrated notes

Levels and vault maps discovered:
D:1:      reono_arrival_mine, layout_loops_ring,
          shapermc_ecumenical_altar_mp_vishouse, st_stairs_10
D:2:      layout_loops_ring, chequers_serial_rivers_micro_a,
          nicolae_grassy_gnolls, uniq_jessica, uniq_natasha
D:3:      layout_rooms, mainiacjoe_overflow_brackets, corexii_shack
D:4:      layout_rooms
D:5:      layout_rooms, nicolae_overflow_squiral, nicolae_ossuary_entry_ruins,
          kennysheep_small_spiral, minivault_14

Skill      XL: |  1  2  3  4  5 |
---------------+----------------+-----
Armour         | 1 2 |  2.4
Spellcasting   | 2 |  2.5
Air Magic      | 1 2 |  2.8
Summonings     | 4 |  4.7
Fighting       | 1 |  1.9
Long Blades    | 1 |  1.2
Dodging        | |  1.7
Stealth        | |  1.7

Action                   |  1- 3 |  4- 6 || total
-------------------------+-------+-------++-------
Melee: Hand axe          |    22 |    31 ||    53
       Short sword       |    13 |       ||    13
       Unarmed           |     3 |       ||     3
       Punch             |       |     1 ||     1
       Spear             |       |    24 ||    24
       Long sword        |       |    25 ||    25
 Fire: Shortbow          |       |     9 ||     9
 Cast: Summon Small Mamm |    15 |     1 ||    16
       Call Imp          |     7 |     3 ||    10
       Call Canine Famil |       |    20 ||    20
  Use: Scroll            |       |     6 ||     6
 Stab: Distracted        |       |     3 ||     3
Armor: Ring mail         |    24 |    49 ||    73
       Robe              |     1 |       ||     1
Dodge: Dodged            |    25 |    68 ||    93
